 Dungeon Crawl Stone Soup version 0.29-a0-371-g91724d5b39 (webtiles) character file.

Game seed: 14382384829874524069

273 experimilk the Cudgeller (level 6, 0/50 HPs)
             Began as a Palentonga Fighter on May 3, 2022.
             Killed from afar by Blork the orc (5 damage)
             ... with a puff of frost
             ... on level 4 of the Dungeon.
             The game lasted 00:08:49 (3336 turns).

experimilk the Cudgeller (Palentonga Fighter)       Turns: 3336, Time: 00:08:49

Health: 0/50       AC:  6    Str: 21    XL:     6   Next: 2%
Magic:  6/6        EV:  8    Int:  9    God:
Gold:   137        SH:  4    Dex:  9    Spells: 5/5 levels left

rFire   . . .      SeeInvis +   a - +0 flail
rCold   . . .      Faith    .   c - +0 buckler
rNeg    . . .      Spirit   .   m - +0 ring mail
rPois   .          Reflect  .   (no helmet)
rElec   .          Harm     .   (no cloak)
rCorr   .          Rampage  .   (no gloves)
Will    .....                   (no barding)
Stlth   ..........              (no amulet)
HPRegen 0.16/turn               (no ring)
MPRegen 0.10/turn               (no ring)

@: invisible
A: large, rugged brown scales 3, see invisible, deformed body, roll 1, armoured
tail
a: Rolling Charge


You were on level 4 of the Dungeon.
You visited 1 branch of the dungeon, and saw 4 of its levels.

You collected 137 gold pieces.

Inventory:

Hand Weapons
 a - a +0 flail (weapon)
 u - a +0 flail
Missiles
 d - a throwing net
 l - 6 curare-tipped darts (quivered)
Armour
 b - a +0 scale mail
 c - a +0 buckler (worn)
 m - a +0 ring mail (worn)
Jewellery
 p - a ring of fire
Wands
 n - a wand of acid (9)
 t - a wand of mindburst (4)
Scrolls
 e - a scroll of blinking {unknown}
 f - 2 scrolls of enchant weapon
 o - 3 scrolls of fog {unknown}
Potions
 h - a potion of resistance {unknown}
 i - a potion of attraction {unknown}
 j - 3 potions of flight
 k - 3 potions of heal wounds
 q - a potion of lignification {unknown}
 r - 3 potions of brilliance
 s - 3 potions of curing {unknown}


   Skills:
 - Level 3.0 Fighting
 + Level 6.4 Maces & Flails
 - Level 2.4 Armour
 - Level 2.4 Shields


You had 5 spell levels left.
You didn't know any spells.
Your spell library contained the following spells:

 Spells                   Type           Power      Damage    Failure   Level
 Sublimation of Blood     Necr           0%         N/A       77%         2
 Wereblood                Tmut           0%         N/A       77%         2
 Animate Dead             Necr           0%         N/A       100%        4
 Haunt                    Necr/Summ      0%         N/A       100%        7
 Summon Hydra             Summ           0%         N/A       100%        7
 Infestation              Necr           0%         N/A       100%        8


Dungeon Overview and Level Annotations

Branches:
Dungeon (4/15)
 Temple: D:4-7

Altars:
Sif Muna
Wu Jian

Annotations:
D:4 Blork the orc


Innate Abilities, Weirdness & Mutations

You are completely covered in rugged brown scales. (AC +3, +7% HP)
You have supernaturally acute eyesight. (SInv)
Armour fits poorly on your strangely shaped body.
You can roll at nearby foes to attack.
You have a long armoured tail.


Message History

You thump the iguana!
You kill the iguana!
You feel sick.
You are no longer poisoned.
Blork the orc points at you and mumbles some strange words.
The magic dart hits you.
You have reached level 6!
Roll where?
Press: ? - help, Dir - move target, f - Blork the orc
Aim: Blork the orc, wielding a +6 long sword of holy wrath and wearing a +0 robe You roll forward with a clatter of scales!
You closely miss Blork the orc.
Blork the orc gestures at you while chanting.
The puff of flame hits you!
You fade into invisibility!
Blork the orc misses you.
You barely miss Blork the orc. Blork the orc closely misses you.
You hit Blork the orc. You tail-slap Blork the orc.
Blork the orc is moderately wounded.
Blork the orc hits you with a +6 long sword of holy wrath.
You hit Blork the orc.
Blork the orc is moderately wounded.
Blork the orc gestures at you while chanting.
The puff of flame hits you!
* * * LOW HITPOINT WARNING * * *
You strike the helpless Blork the orc from behind!
You sock Blork the orc!
Blork the orc is severely wounded.
Blork the orc hits you with a +6 long sword of holy wrath!
* * * LOW HITPOINT WARNING * * *
You block Blork the orc's attack.
You catch the helpless Blork the orc completely off-guard!
You hit Blork the orc.
Blork the orc is severely wounded.
Blork the orc barely misses you.
You hit Blork the orc but do no damage. You tail-slap Blork the orc.
Blork the orc is almost dead.
Blork the orc casts a spell at you. The puff of frost hits you.
You die...

. #.####. ..#########.#
#. .........#.# #.
#.......#.####. #
##.......#...... # #.
#...............
##.#.###.?...†..#######
#........†......#
#....o@.....$...#
#...##...###.#### ##
#)..........
#.#.......^..
.####.#..####.###.#
......>...# #.# #
#....<..# ###
..........# ..>
.............


You could see Blork the orc (can't see you).

Vanquished Creatures
  Jessica (D:3)
  Ijyb (D:3)
  Terence (D:3)
  An iguana (D:4)
  Robin (D:4)
  3 gnolls (D:4)
  7 adders
  A dart slug (D:2)
  2 bats
  6 endoplasms
  3 giant cockroaches
  8 hobgoblins
  2 jackals (D:1)
  6 kobolds
  A quokka (D:4)
  4 ball pythons
  A frilled lizard (D:1)
  17 goblins
  4 rats
70 creatures vanquished.

Notes
Turn   | Place    | Note
-------+----------+-------------------------------------------
     0 | D:1      | experimilk the Palentonga Fighter began the quest for the
                  | Orb.
     0 | D:1      | Reached XP level 1. HP: 19/19 MP: 1/1
     4 | D:1      | You fall into a shaft and drop 1 floor!
    27 | D:2      | Found an ornate altar of the Wu Jian Council.
   286 | D:1      | Found a faded altar of an unknown god.
   330 | D:1      | Reached XP level 2. HP: 22/25 MP: 2/2
   456 | D:1      | Reached skill level 3 in Maces & Flails
  1192 | D:2      | Reached XP level 3. HP: 31/31 MP: 3/3
  1597 | D:3      | Noticed Ijyb
  1703 | D:3      | Noticed Jessica
  1711 | D:3      | Killed Jessica
  1712 | D:3      | Reached skill level 4 in Maces & Flails
  1759 | D:3      | Reached XP level 4. HP: 36/37 MP: 4/4
  1780 | D:3      | Noticed Terence
  1794 | D:3      | Killed Terence
  1803 | D:3      | Reached skill level 5 in Maces & Flails
  2063 | D:3      | Found a shimmering blue altar of Sif Muna.
  2205 | D:3      | Killed Ijyb
  2206 | D:3      | Reached XP level 5. HP: 43/43 MP: 5/5
  2919 | D:4      | Noticed Robin
  2924 | D:4      | Killed Robin
  2987 | D:4      | Reached skill level 6 in Maces & Flails
  3326 | D:4      | Noticed Blork the orc
  3328 | D:4      | Reached XP level 6. HP: 35/50 MP: 6/6
  3336 | D:4      | Killed from afar by Blork the orc

Illustrated notes

Levels and vault maps discovered:
D:1:      sevenhm_arrival_forest_fort_large_3, layout_loops_ring,
          chequers_ecumenical_altar_simple
D:2:      layout_loops_cross, basic_altar, serial_forest,
          infiniplex_forest_clump_tiny, infiniplex_forest_diagonal,
          infiniplex_forest_clump_curved, infiniplex_forest_corner_1,
          infiniplex_forest_clump_tiny, hangedman_decor_growths
D:3:      layout_basic, led_sif_pool, wad_floor_pattern_2,
          minmay_misc_feat_four_crosses, uniq_ijyb, uniq_terence, uniq_jessica
D:4:      layout_loops_ring, uniq_robin, uniq_blork_the_orc

Skill      XL: |  1  2  3  4  5 |
---------------+----------------+-----
Maces & Flails | 3 4 5 6 |  6.4
Fighting       | |  3.0
Armour         | |  2.4
Shields        | |  2.4

Action                   |  1- 3 |  4- 6 || total
-------------------------+-------+-------++-------
Melee: Flail             |    84 |    97 ||   181
       Tailslap          |    10 |     7 ||    17
Throw: Dart              |       |     1 ||     1
 Abil: Rolling Charge    |    20 |    22 ||    42
Evoke: Wand              |       |     3 ||     3
  Use: Scroll            |     3 |     2 ||     5
       Potion            |       |     3 ||     3
 Stab: Invisible         |       |     2 ||     2
Armor: Scale mail        |    24 |       ||    24
       Ring mail         |    14 |    32 ||    46
Dodge: Dodged            |    32 |    39 ||    71
Block: Buckler           |    12 |    22 ||    34

Table legend: (Time is in decaauts)
 A = Elapsed time spent in this place.
 B = Non-inter-level travel time spent in this place.
 C = Inter-level travel time spent in this place.
 D = Time resting spent in this place.
 E = Time spent auto-exploring this place.
 F = Levels seen in this place.
 G = Mean time per level.
                   A        B        C        D        E       F      G
               +--------+--------+--------+--------+--------+-----+--------+
         Total |   3385 |   3221 |    164 |    580 |   1382 |   4 |  846.2 |
       Dungeon |   3385 |   3221 |    164 |    580 |   1382 |   4 |  846.2 |
               +--------+--------+--------+--------+--------+-----+--------+

Top non-repeatable levels by time:
     D:3: 1064 daAuts
     D:1: 915 daAuts
     D:2: 762 daAuts
     D:4: 641 daAuts
